 Dungeon Crawl Stone Soup version 0.30-a0-723-gc1506a1cf0 (webtiles) character file.

Game seed: 15544361811471182051

104 Leeroy the Grasshopper (level 4, -1/38 HPs)
             Began as a Gnoll Warper on Jan 28, 2023.
             Succumbed to an adder's poison
             ... on level 3 of the Dungeon.
             The game lasted 00:02:45 (1278 turns).

Leeroy the Grasshopper (Gnoll Warper)               Turns: 1278, Time: 00:02:45

Health: -1/38      AC:  3    Str: 10    XL:     4   Next: 80%
Magic:  2/11       EV: 13    Int: 14    God:
Gold:   104        SH:  0    Dex: 12    Spells: 8/13 levels left

rFire   . . .      SeeInvis .    r - +2 short sword (speed)
rCold   . . .      Faith    .    (no shield)
rNeg    . . .      Spirit   +    b - +0 leather armour
rPois   .          Reflect  .    (no helmet)
rElec   .          Harm     .    (no cloak)
rCorr   .          Rampage  .    (no gloves)
Will    .....                    (no boots)
Stlth   +                        j - amulet of guardian spirit
HPRegen 0.26/turn                (no ring)
MPRegen 0.12/turn                (no ring)

@: lethally poisoned (-1 -> -7)
A: fangs 1, strong nose, distributed training
a: no special abilities


You were on level 3 of the Dungeon.
You visited 1 branch of the dungeon, and saw 3 of its levels.

You collected 104 gold pieces.

Inventory:

Hand Weapons
 a - a +0 falchion
 r - a +2 short sword of speed (weapon)
Missiles
 d - 7 boomerangs of dispersal (quivered)
Armour
 b - a +0 leather armour (worn)
Magical Staves
 f - a staff of death
Jewellery
 j - an amulet of guardian spirit (around neck)
Scrolls
 c - a scroll of blinking
 g - 2 scrolls of noise {unknown}
 l - a scroll of teleportation {unknown}
 o - a scroll of magic mapping {unknown}
 p - a scroll of fear {unknown}
 s - a scroll of identify {unknown}
 t - a scroll of enchant armour {unknown}
Potions
 e - a potion of flight {unknown}
 h - a potion of heal wounds {unknown}
 i - a potion of mutation {unknown}
 k - a potion of cancellation {unknown}
 m - a potion of might {unknown}
 n - a potion of haste {unknown}
 q - a potion of curing {unknown}


   Skills:
 + Level 4.7 Fighting
 + Level 1.3 Short Blades
 + Level 4.7 Long Blades
 + Level 1.3 Axes
 + Level 1.3 Maces & Flails
 + Level 1.3 Polearms
 + Level 1.3 Staves
 + Level 1.3 Ranged Weapons
 + Level 2.8 Throwing
 + Level 2.8 Armour
 + Level 4.7 Dodging
 + Level 1.3 Stealth
 + Level 1.3 Shields
 + Level 1.3 Unarmed Combat
 + Level 5.1 Spellcasting
 + Level 1.0 Conjurations
 + Level 1.0 Hexes
 + Level 1.0 Summonings
 + Level 1.0 Necromancy
 + Level 5.5 Translocations
 + Level 1.0 Transmutations
 + Level 1.0 Fire Magic
 + Level 1.0 Ice Magic
 + Level 1.0 Air Magic
 + Level 1.0 Earth Magic
 + Level 1.0 Poison Magic
 + Level 1.4 Invocations
 + Level 1.3 Evocations


You had 8 spell levels left.
You knew the following spells:

 Your Spells              Type           Power      Damage    Failure   Level
a - Blink                 Tloc           38%        N/A       3%          2
b - Vhi's Electric Charg  Tloc/Air       24%        N/A       17%         3

Your spell library contained the following spells:

 Spells                   Type           Power      Damage    Failure   Level
 Lesser Beckoning         Tloc           38%        N/A       3%          2
 Teleport Other           Tloc           19%        N/A       7%          3
 Manifold Assault         Tloc           19%        N/A       24%         4
 Summon Forest            Summ/Tloc      6%         N/A       85%         5
 Eringya's Noxious Bog    Tmut/Pois      3%         N/A       100%        6
 Summon Hydra             Summ           3%         N/A       100%        7


Dungeon Overview and Level Annotations

Branches:
Dungeon (3/15)

Altars:
Zin

Shops:
D:3 :

Annotations:
D:2 Robin
D:3 Grinder


Innate Abilities, Weirdness & Mutations

You have very sharp teeth.
Your uncanny sense of smell can sniff out nearby items.
Your experience applies equally to all skills.


Message History

You barely miss Grinder.
A dart slug comes into view.
You hit Grinder but do no damage. Grinder barely misses you.
You hit Grinder. You bite Grinder, but do no damage.
Grinder is lightly wounded.
You hit Grinder.
Grinder is lightly wounded.
Grinder gestures at you.
You suddenly lose the ability to move!
The adder bites you. Grinder says, "Are you a fish?" Grinder hits you!
You writhe in agony.
A worm comes into view.
The adder bites you.
You are poisoned.
The adder poisons you!
The hobgoblin hits you but does no damage.
Grinder hits you!
You writhe in agony.
* * * LOW HITPOINT WARNING * * *
The adder bites you.
* * * LOW HITPOINT WARNING * * *
You are lethally poisoned!
The adder poisons you!
* * * LOW HITPOINT WARNING * * *
You feel very sick. Grinder hits you but does no damage.
The hobgoblin hits you but does no damage.
The adder bites you but does no damage.
* * * LOW HITPOINT WARNING * * *
You feel very sick. The adder bites you but does no damage.
The hobgoblin hits you but does no damage.
A frilled lizard comes into view.
Grinder hits you but does no damage.
You can move again.
* * * LOW HITPOINT WARNING * * *
You feel sick.
The frilled lizard hisses angrily.
Grinder attacks as you move away! Grinder closely misses you.
You die...

###....# ##..
#####.#....# #.. .
......#....#######.#
.#
#####.#............#
:# #......# #.w# .#
#..###.######..# .#∆
#..# #........)#.#
#..# ########g5K#.#
#... #..@.S..#
#####.###
#.###.#...w. ...<#.#
# ..###.l.. #####.#
### .### ..... .
##### #


You could see Grinder, a worm, an adder, a dart slug, a hobgoblin, a kobold and
a frilled lizard.

Vanquished Creatures
  Ijyb (D:3)
  An adder (D:2)
  2 dart slugs (D:1)
  An orc (D:3)
  5 bats
  4 endoplasms
  A giant cockroach (D:1)
  10 goblins
  4 hobgoblins (D:1)
  11 jackals
  A quokka (D:1)
  3 ball pythons
  3 frilled lizards
  3 kobolds
  6 rats
56 creatures vanquished.

Notes
Turn   | Place    | Note
-------+----------+-------------------------------------------
     0 | D:1      | Leeroy the Gnoll Warper began the quest for the Orb.
     0 | D:1      | Reached XP level 1. HP: 20/20 MP: 6/6
   103 | D:1      | Reached XP level 2. HP: 23/26 MP: 7/7
   242 | D:1      | Learned a level 2 spell: Blink
   402 | D:1      | Reached skill level 5 in Spellcasting
   402 | D:1      | Reached XP level 3. HP: 31/31 MP: 7/9
   461 | D:1      | Learned a level 3 spell: Vhi's Electric Charge
   488 | D:1      | Reached skill level 1 in Invocations
   662 | D:2      | Reached skill level 1 in Short Blades
   662 | D:2      | Reached skill level 1 in Axes
   662 | D:2      | Reached skill level 1 in Maces & Flails
   662 | D:2      | Reached skill level 1 in Polearms
   662 | D:2      | Reached skill level 1 in Staves
   662 | D:2      | Reached skill level 1 in Ranged Weapons
   662 | D:2      | Reached skill level 1 in Stealth
   662 | D:2      | Reached skill level 1 in Shields
   662 | D:2      | Reached skill level 1 in Unarmed Combat
   662 | D:2      | Reached skill level 1 in Evocations
   850 | D:2      | Reached XP level 4. HP: 37/38 MP: 11/11
   851 | D:2      | Noticed Robin
   875 | D:3      | Noticed Ijyb
   879 | D:3      | Found Nupaxuz's Book Boutique.
   881 | D:3      | Paralysed by Ijyb for 2 turns
   887 | D:3      | Paralysed by Ijyb for 3 turns
   906 | D:3      | Paralysed by Ijyb for 5 turns
   915 | D:3      | Killed Ijyb
   916 | D:3      | Reached skill level 1 in Conjurations
   916 | D:3      | Reached skill level 1 in Hexes
   916 | D:3      | Reached skill level 1 in Summonings
   916 | D:3      | Reached skill level 1 in Necromancy
   916 | D:3      | Reached skill level 1 in Transmutations
   916 | D:3      | Reached skill level 1 in Fire Magic
   916 | D:3      | Reached skill level 1 in Ice Magic
   916 | D:3      | Reached skill level 1 in Air Magic
   916 | D:3      | Reached skill level 1 in Earth Magic
   916 | D:3      | Reached skill level 1 in Poison Magic
  1152 | D:3      | Found a faded altar of an unknown god.
  1169 | D:3      | Found a glowing silver altar of Zin.
  1262 | D:3      | Noticed Grinder
  1272 | D:3      | Paralysed by Grinder for 4 turns
  1276 | D:3      | HP: 1/38 [poisoned by an adder]
  1278 | D:3      | Succumbed to an adder's poison

Illustrated notes

Levels and vault maps discovered:
D:1:      noname_arrival_rooms_in_the_neighbourhood, layout_rooms,
          minmay_tetromino_s2
D:2:      layout_loops_ring, hellmonk_ecumenical_altar_leap_of_faith,
          nicolae_figureground_pulse, uniq_robin
D:3:      layout_basic, nicolae_overflow_ecumenical_swirl, serial_shops,
          nicolae_lakefront_shop, minmay_circle_x, uniq_grinder,
          uniq_crazy_yiuf_cottage, uniq_ijyb

Skill      XL: |  1  2  3  4 |
---------------+-------------+-----
Spellcasting   | 5 |  5.1
Invocations    | 1 |  1.4
Short Blades   | 1 |  1.3
Axes           | 1 |  1.3
Maces & Flails | 1 |  1.3
Polearms       | 1 |  1.3
Staves         | 1 |  1.3
Ranged Weapons | 1 |  1.3
Stealth        | 1 |  1.3
Shields        | 1 |  1.3
Unarmed Combat | 1 |  1.3
Evocations     | 1 |  1.3
Conjurations   | 1 |  1.0
Hexes          | 1 |  1.0
Summonings     | 1 |  1.0
Necromancy     | 1 |  1.0
Transmutations | 1 |  1.0
Fire Magic     | 1 |  1.0
Ice Magic      | 1 |  1.0
Air Magic      | 1 |  1.0
Earth Magic    | 1 |  1.0
Poison Magic   | 1 |  1.0
Fighting       | |  4.7
Long Blades    | |  4.7
Throwing       | |  2.8
Armour         | |  2.8
Dodging        | |  4.7
Translocations | |  5.5

Action                     |  1- 3 |  4- 6 || total
---------------------------+-------+-------++-------
  Melee: Falchion          |   104 |    57 ||   161
         Bite              |     6 |     4 ||    10
         Punch             |     1 |       ||     1
         Short sword       |       |    13 ||    13
   Cast: Vhi's Electric Ch |     2 |       ||     2
         Blink             |       |     1 ||     1
   Stab: Sleeping          |     3 |       ||     3
 Armour: Leather armour    |    25 |    20 ||    45
  Dodge: Dodged            |    86 |    47 ||   133

Table legend: (Time is in decaauts)
 A = Elapsed time spent in this place.
 B = Non-inter-level travel time spent in this place.
 C = Inter-level travel time spent in this place.
 D = Time resting spent in this place.
 E = Time spent auto-exploring this place.
 F = Levels seen in this place.
 G = Mean time per level.
                   A        B        C        D        E       F      G
               +--------+--------+--------+--------+--------+-----+--------+
         Total |   1282 |   1245 |     37 |      0 |    866 |   3 |  427.3 |
       Dungeon |   1282 |   1245 |     37 |      0 |    866 |   3 |  427.3 |
               +--------+--------+--------+--------+--------+-----+--------+

Top non-repeatable levels by time:
     D:1: 599 daAuts
     D:3: 399 daAuts
     D:2: 284 daAuts
